 Dungeon Crawl Stone Soup version 0.19-a0-835-gf140595 (webtiles) character file.

46 Etesian the Shield-Bearer (level 3, 30/30 HPs)
             Began as a Formicid Fighter on July 1, 2016.
             Quit the game on level 2 of the Dungeon.
             The game lasted 00:03:05 (1727 turns).

Etesian the Shield-Bearer (Formicid Fighter)        Turns: 1727, Time: 00:03:05

Health: 30/30      AC:  9    Str: 20    XL:     3   Next: 92%
Magic:  3/3        EV:  6    Int:  9    God:
Gold:   135        SH:  9    Dex: 11    Spells: 0 memorised, 2 levels left

rFire  . . .     SeeInvis +     a - +0 quarterstaff
rCold  . . .     Gourm    .     k - +0 chain mail
rNeg   . . .     Faith    .     c - +0 shield
rPois  .         Spirit   .     (helmet unavailable)
rElec  .         Dismiss  .     (no cloak)
rCorr  .         Reflect  .     (no gloves)
SustAt .         Harm     .     (no boots)
MR     .....                    (no amulet)
Stlth  ..........               (no ring)
                                (no ring)

@: not resistant to hostile enchantments, extremely unstealthy
A: permanent stasis, dig shafts and tunnels, four strong arms, antennae 3,
clever 1, deterioration 1, evolution 1
a: Dig, Shaft Self


You were on level 2 of the Dungeon.
You were not hungry.

You visited 1 branch of the dungeon, and saw 2 of its levels.

You collected 135 gold pieces.

Inventory:

Hand Weapons
 a - a +0 quarterstaff (weapon)
Armour
 c - a +0 shield (worn)
 k - a +0 chain mail (worn)
Scrolls
 b - a scroll of magic mapping {unknown}
 g - a scroll of recharging {unknown}
 h - a scroll of fear {unknown}
 i - a scroll of teleportation {unknown}
 j - 2 scrolls of identify
 m - a scroll of amnesia {unknown}
Potions
 d - a potion of might
Comestibles
 f - 3 bread rations
 n - a royal jelly
 o - 2 chunks of flesh


   Skills:
 + Level 3.8 Fighting
 * Level 2.7 Staves
 + Level 3.5 Armour
 + Level 4.1 Shields


You had 2 spell levels left.
You didn't know any spells.

Dungeon Overview and Level Annotations

Branches:
Dungeon (2/15)

Altars:


Innate Abilities, Weirdness & Mutations

You are under a permanent stasis effect.
You can dig through walls and to a lower floor.
Your four strong arms can wield two-handed weapons with a shield.
You have a pair of large antennae on your head. (SInv)
Your mind is acute. (Int +2)
Your body sometimes deteriorates upon taking damage.
You evolve.


Message History

There is a stone staircase leading down here.
As you read the scroll labeled OMAHOP CALI, it crumbles to dust.
You feel as if something is helping you.
It was a scroll of remove curse.
Okay, then.
Drop what? 15/52 slots (_ for help) (? for menu, Esc to quit)
You remove your amulet of inaccuracy.
You drop an uncursed amulet of inaccuracy.
There is a stone staircase leading down here.
As you read the scroll labeled DUMAWE MADDO, it crumbles to dust.
It is a scroll of identify.
l - a potion of mutation
Okay, then.
You feel extremely strange.
You feel yourself wasting away.
You feel clever.
You feel nature experimenting on you.
Don't worry, failures die fast.
Unknown command.
Assign waypoint to what number? (0-9)
Okay, then.
Are you sure you want to abandon this character and quit the game? (Confirm with "yes".)

# #.##.###.......#####......... #
#..#.# #.....#........#.#####
######.#.###.##..#........#.#
........<....##..#...[....#.#
######...##...............#.#####
#...##..##..#........#.#....
#...##.................#.###
#...##..##."#........###<#
#...##..##.@#.##...### #.#
#...........#.###.## #.#
######..###..##.##.# #.# #.#
........###.....##.###.######.##
#####...........##......>......#
........####.#########.######..#
..................####.######..##
#################................
# #################


There were no monsters in sight!

Vanquished Creatures
  3 worms (D:2)
  A dart slug (D:2)
  A giant cockroach (D:1)
  2 goblins
  6 hobgoblins
  6 jackals (D:2)
  3 quokkas (D:2)
  4 bats
  2 giant newts (D:2)
  2 kobolds
  A rat (D:2)
31 creatures vanquished.

Notes
Turn   | Place    | Note
--------------------------------------------------------------
     0 | D:1      | Etesian the Formicid Fighter began the quest for the Orb.
     0 | D:1      | Reached XP level 1. HP: 18/18 MP: 1/1
   552 | D:1      | Reached XP level 2. HP: 24/24 MP: 2/2
   920 | D:2      | Reached XP level 3. HP: 15/30 MP: 3/3
  1189 | D:2      | Reached skill level 4 in Shields
  1726 | D:2      | Gained mutation: Your body sometimes deteriorates upon taking damage. [potion of mutation]
  1726 | D:2      | Gained mutation: Your mind is acute. (Int +2) [potion of mutation]
  1726 | D:2      | Gained mutation: You evolve. [potion of mutation]
  1727 | D:2      | Quit the game

Vault maps used:
D:1:      saegor_arrival_under_anarchy
D:2:      minmay_misc_feat_x, kennysheep_potato

Skill      XL: |  1  2  3 |
---------------+----------+-----
Shields        | 4 |  4.1
Fighting       | |  3.8
Staves         | |  2.7
Armour         | |  3.5

Action                   || total
-------------------------++-------
Melee: Quarterstaff      ||   115
 Abil: Dig               ||     1
  Use: Scroll            ||     2
       Potion            ||     1
  Eat: Chunk             ||     3
Armor: Chain mail        ||    55
       Scale mail        ||     2
Dodge: Dodged            ||    23
Block: Shield            ||    50
